AoeStats
← nguyenkhang90

Lombardia

510102563Analyzed
3v3 RM · 4d ago on Sep 29, 2026· 38m 46s· 6 players
Game mode
Random Map
Map size
Normal (6 player)
Population
200
Speed
Normal
Resources
Standard
Victory
Conquest
Starting age
Dark Age
Ending age
Imperial Age
RankedLock teamsTeams togetherTeam positionsShared explorationLock speedFull tech treeHidden civsTurbo modeCheats
Victory
Defeat
🇻🇳 Hindustanis · Vietnam
1310
+16
🇻🇳 Cumans · Vietnam
1303
+17
🇻🇳 Persians · Vietnam
1275
+17
🇦🇺 Wei · Australia
1352
-18
🇬🇷 Magyars · Greece
1303
-16
🇺🇾 Turks · Uruguay
1299
-16
mojotzotzo
10:01 Loom
11:46 Feudal Age
16:15 Castle Age
14:53 Double-Bit Axe
14:49 Horse Collar
17:33 Bow Saw
29:20 Imperial Age
28:49 Crossbowman
29:25 Arbalester
30:02 Fletching
30:59 Bodkin Arrow
32:08 Bracer
33:47 Ballistics
35:12 Padded Archer Armor
36:47 Thumb Ring
38:42 Wheelbarrow
37:52 Town Watch
TinFit
11:56 Feudal Age
12:09 Loom
13:10 Double-Bit Axe
16:06 Castle Age
15:23 Gold Mining
15:18 Horse Collar
17:15 Wheelbarrow
18:01 Bow Saw
19:48 Gold Mining
25:11 Gold Mining
26:14 Heavy Plow
26:40 Stone Mining
27:55 Gold Shaft Mining
27:45 Town Watch
28:17 Hand Cart
30:39 Imperial Age
29:31 Padded Archer Armor
29:22 Fletching
29:54 Ballistics
30:54 Leather Archer Armor
31:18 Bodkin Arrow
32:08 Thumb Ring
33:29 Bracer
34:36 Ring Archer Armor
37:12 Sipahi
37:48 Husbandry
37:59 Bloodlines
GI
8:02 Loom
10:16 Feudal Age
11:10 Double-Bit Axe
11:11 Horse Collar
12:35 Wheelbarrow
20:16 Castle Age
18:29 Forging
19:07 Bloodlines
19:21 Gold Mining
20:28 Scale Barding Armor
21:27 Bow Saw
21:44 Husbandry
22:06 Heavy Plow
22:14 Stone Mining
25:43 Stone Shaft Mining
25:57 Hand Cart
27:22 Gold Shaft Mining
27:06 Town Watch
30:05 Fletching
nguyenkhang90
9:49 Feudal Age
14:44 Castle Age
13:14 Double-Bit Axe
14:43 Horse Collar
18:44 Bow Saw
19:17 Loom
22:03 Wheelbarrow
24:27 Gold Mining
24:30 Stone Mining
28:37 Imperial Age
26:29 Hand Cart
28:05 Scale Barding Armor
28:12 Forging
29:02 Bloodlines
28:52 Husbandry
29:35 Chain Barding Armor
28:53 Heavy Camel Rider
30:53 Iron Casting
32:01 Two-Man Saw
31:04 Heavy Plow
30:52 Town Watch
32:08 Plate Barding Armor
32:07 Imperial Camel Rider
34:10 Conscription
34:21 Town Patrol
37:06 Light Cavalry
haingocvo96
6:02 Loom
9:07 Feudal Age
10:22 Double-Bit Axe
13:23 Horse Collar
21:31 Castle Age
20:09 Gold Mining
20:51 Bloodlines
20:53 Forging
20:49 Scale Barding Armor
22:30 Wheelbarrow
23:13 Chain Barding Armor
23:29 Iron Casting
23:20 Bow Saw
24:36 Stone Mining
25:37 Iron Casting
29:38 Hand Cart
32:11 Heavy Plow
35:41 Imperial Age
34:45 Town Watch
36:05 Elite Steppe Lancer
37:48 Blast Furnace
36:40 Fletching
37:21 Conscription
38:20 Plate Barding Armor
39:19 Two-Man Saw
Tha_cho_em
6:39 Loom
9:16 Feudal Age
9:43 Double-Bit Axe
10:21 Horse Collar
15:27 Wheelbarrow
18:13 Castle Age
17:41 Scale Barding Armor
17:47 Bloodlines
19:04 Gold Mining
19:32 Husbandry
19:56 Town Watch
20:32 Bow Saw
24:40 Town Watch
25:12 Forging
27:56 Chain Barding Armor
31:29 Gold Shaft Mining
31:44 Heavy Plow
34:10 Fervor
34:40 Iron Casting
40:12 Imperial Age
37:51 Stone Mining
38:09 Fletching
Connection lost

Rejoining the realm…

Still unreachable

The connection could not be restored.

Session expired

The server has moved on; the page needs a fresh start.